 Dungeon Crawl Stone Soup version 0.29.1-1-gd02db6906a (webtiles) character file.

Game seed: 8157426462436369278

4118 Icepheonix32 the Fighter (level 10, -4/96 HPs)
             Began as a Minotaur Fighter on Sept 19, 2022.
             Was an Initiate of Hepliaklqana.
             Slain by a gnoll sergeant
             ... wielding a +1 spear of distortion
              (5 damage)
             ... on level 6 of the Dungeon.
             The game lasted 00:13:26 (5027 turns).

Icepheonix32 the Fighter (Minotaur Fighter)         Turns: 5027, Time: 00:13:26

Health: -4/96      AC: 10    Str: 22    XL:     10   Next: 6%
Magic:  9/9        EV: 13    Int:  5    God:    Hepliaklqana [......]
Gold:   107        SH:  5    Dex: 13    Spells: 9/9 levels left

rFire   . . .      SeeInvis .   B - +1 broad axe of the Lair of Beasts {vorpal, Fragile rElec rCorr}
rCold   + . .      Faith    .   c - +0 buckler
rNeg    . . .      Spirit   .   t - +2 ring mail {rPois}
rPois   +          Reflect  .   (helmet restricted)
rElec   +          Harm     .   (no cloak)
rCorr   +          Rampage  .   (no gloves)
Will    .....                   O - +0 pair of boots
Stlth   +.........              e - amulet of regeneration
HPRegen 1.06/turn               u - ring of protection from cold
MPRegen 0.11/turn               (no ring)

@: no status effects
A: horns 2, retaliatory headbutt
a: Renounce Religion


You were on level 6 of the Dungeon.
You worshipped Hepliaklqana.
Hepliaklqana was noncommittal.
You visited 2 branches of the dungeon, and saw 7 of its levels.

You collected 412 gold pieces.
You spent 305 gold pieces at shops.

Inventory:

Hand Weapons
 a - a +1 war axe
 v - a +0 long sword
 B - the +1 broad axe of the Lair of Beasts (weapon) {vorpal, Fragile rElec rCorr}
   (You found it on level 5 of the Dungeon)

   It inflicts extra damage upon your enemies.
   rElec:     It insulates you from electricity.
   rCorr:     It protects you from acid and corrosion.
   Fragile:   It will be destroyed if unequipped.
 Q - a +4 dagger of electrocution
 S - a +2 hand axe of electrocution
Missiles
 n - a throwing net (quivered)
 y - 2 boomerangs of dispersal
 F - a curare-tipped dart
 M - a boomerang
Armour
 b - a +0 scale mail
 c - a +0 buckler (worn)
 k - an orb of guile
 t - a +2 ring mail of poison resistance (worn)
 D - a +0 chain mail
 G - a +0 kite shield
 O - a +0 pair of boots (worn)
Magical Staves
 r - a staff of conjuration
Jewellery
 e - an amulet of regeneration (around neck)
 u - a ring of protection from cold (left hand)
 P - a ring of flight
Wands
 m - a wand of digging (5)
 q - a wand of paralysis (13)
 C - a wand of roots (10)
 E - a wand of flame (8)
Scrolls
 g - a scroll of noise
 i - a scroll of teleportation
 j - 2 scrolls of poison
 p - a scroll of amnesia
 w - a scroll of enchant weapon
 R - 2 scrolls of identify
Potions
 d - a potion of might
 f - a potion of invisibility
 h - a potion of cancellation
 o - a potion of ambrosia
 s - a potion of brilliance {unknown}
 x - a potion of haste {unknown}
 z - 3 potions of attraction {unknown}
 A - 2 potions of flight {unknown}
 H - a potion of curing
 I - a potion of mutation
 J - a potion of berserk rage
 K - 2 potions of heal wounds
 L - a potion of degeneration
 N - 2 potions of lignification {unknown}


   Skills:
 * Level 11.2 Fighting
 * Level 4.3 Long Blades
 + Level 6.3 Axes
 + Level 2.2 Throwing
 + Level 8.3 Armour
 + Level 5.9 Dodging
 + Level 1.6 Stealth
 - Level 5.2 Shields
 + Level 1.1 Evocations


You had 9 spell levels left.
You didn't know any spells.
Your spell library contained the following spells:

 Spells                   Type           Power      Damage    Failure   Level
 Freeze                   Ice            0%         1d3       71%         1
 Blink                    Tloc           0%         N/A       83%         2
 Ensorcelled Hibernation  Hex/Ice        0%         N/A       83%         2
 Scorch                   Fire           0%         2d5       83%         2
 Static Discharge         Conj/Air       0%         3-3/arc   83%         2
 Frozen Ramparts          Ice            0%         1d1       97%         3
 Inner Flame              Hex/Fire       0%         N/A       97%         3
 Lesser Beckoning         Tloc           0%         N/A       97%         3
 Spider Form              Tmut/Pois      0%         N/A       97%         3
 Anguish                  Hex/Necr       0%         N/A       100%        4
 Animate Armour           Summ/Erth      0%         N/A       100%        4
 Cause Fear               Hex            0%         N/A       100%        4
 Corpse Rot               Necr/Pois/Air  0%         N/A       100%        4
 Dispel Undead            Necr           0%         3d6       100%        4
 Hailstorm                Conj/Ice       0%         3d3       100%        4
 Sticky Flame             Conj/Fire      0%         2d3       100%        4
 Blade Hands              Tmut           0%         N/A       100%        5
 Manifold Assault         Tloc           0%         N/A       100%        5
 Yara's Violent Unravell  Hex/Tmut       0%         3d3       100%        5
 Iron Shot                Conj/Erth      0%         9d1       100%        6
 Ignition                 Fire           0%         3d3       100%        8


Dungeon Overview and Level Annotations

Branches:
Dungeon (6/15)             Temple (1/1) D:6

Altars:
Ashenzari
Cheibriados
Elyvilon
Fedhas
Hepliaklqana
Kikubaaqudgha
Makhleb
Nemelex Xobeh
Qazlal
Ru
Trog
Uskayaw
Vehumet
Wu Jian
Xom
Yredelemnul
Zin

Shops:
D:1 *   D:5 *=(!

Annotations:
D:3 exclusion: oklob plant


Innate Abilities, Weirdness & Mutations

You have a pair of horns on your head.
You reflexively headbutt those who attack you in melee.


Message History

The gnoll sergeant hits you with a +1 spear of distortion!
Space warps around you. The gnoll hits you but does no damage.
The gnoll hits you with a +0 flail. The gnoll closely misses you.
You furiously retaliate!
You headbutt the gnoll!
The gnoll sergeant hits you with a +1 spear of distortion.
You blink.
You are too injured to fight recklessly!
Unknown command.
Throw: javelin
Press: ? - help, Q - select action, (/) - cycle Shift-Dir - straight line, f - gnoll
Aim: a gnoll, wielding a +0 flail (almost dead, 68% to hit)
You throw a javelin. The javelin pierces through the gnoll!
You kill the gnoll!
The javelin pierces through the gnoll!
You kill the gnoll!
It was a potion of cancellation.
You feel magically purged. The gnoll sergeant barely misses you.
The gnoll sergeant hits you but does no damage.
Space warps horribly around you.
You are too injured to fight recklessly!
You are too injured to fight recklessly!
You are too injured to fight recklessly!
You are too injured to fight recklessly!
The gnoll sergeant hits you with a +1 spear of distortion!
* * * LOW HITPOINT WARNING * * *
Space warps horribly around you!
* * * LOW HITPOINT WARNING * * *
You see here a +0 flail.
The gnoll sergeant blocks your attack.
The gnoll sergeant is almost dead.
You block the gnoll sergeant's attack.
You hit the gnoll sergeant but do no damage.
The gnoll sergeant is almost dead.
The gnoll sergeant hits you with a +1 spear of distortion.
* * * LOW HITPOINT WARNING * * *
Space warps horribly around you!
* * * LOW HITPOINT WARNING * * *
The gnoll sergeant hits you but does no damage.
Space warps around you.
You die...

#. ......#.(......
..###....#.......
...#...........##
#....#...........
.....#.......#..##
#....#.......##..# # #
..#..#<...##..#.###.#..##
..##......##....g......(#
..#....#..##....@))(#....
..#.####.####...#..#.....
.....###..##..###..# ...#
..............# #.## ...
.........###### #.. ..
#......#..# ##. .
#......#..## .!
......#..#.# ..
#.....##...# ...


You could see a gnoll sergeant.

Vanquished Creatures
  A kobold demonologist (D:6)
  A warg (D:6)
  3 water moccasins
  3 orc warriors (D:6)
  3 black bears
  9 ogres
  2 phantoms
  2 centaurs
  A kobold brigand (D:6)
  A gnoll sergeant (D:6)
  A necrophage (D:6)
  3 scorpions
  8 howler monkeys (D:6)
  6 hounds
  11 orc priests
  A jelly (D:4)
  3 gnoll boudas (D:6)
  4 iguanas
  5 orc wizards
  12 gnolls
  8 adders
  A white imp (D:6)
  3 worms
  4 dart slugs
  24 orcs
  3 endoplasms
  8 giant cockroaches
  6 goblins
  10 hobgoblins
  5 kobolds
  A quokka (D:2)
  5 ball pythons
  4 bats
  2 frilled lizards (D:1)
  A rat (D:1)
165 creatures vanquished.

Vanquished Creatures (others)
  4 fungi (D:3)
  6 plants
10 creatures vanquished.

Grand Total: 175 creatures vanquished

Notes
Turn   | Place    | Note
-------+----------+-------------------------------------------
     0 | D:1      | Icepheonix32 the Minotaur Fighter began the quest for the
                  | Orb.
     0 | D:1      | Reached XP level 1. HP: 19/19 MP: 0/0
   156 | D:1      | Found Harghivyh's Assorted Antiques.
   166 | D:1      | Bought a purple potion for 24 gold pieces
   166 | D:1      | Bought a scroll labelled YME COATSEO for 27 gold pieces
   195 | D:1      | Reached skill level 4 in Fighting
   195 | D:1      | Reached XP level 2. HP: 27/27 MP: 1/1
   302 | D:1      | Found a faded altar of an unknown god.
   303 | D:1      | Noticed a shining eye
   305 | D:1      | Noticed an eye of devastation
   305 | D:1      | Noticed a great orb of eyes
   305 | D:1      | Noticed a golden eye
   519 | D:1      | You fall into a shaft and drop 1 floor!
   553 | D:2      | Reached XP level 3. HP: 25/34 MP: 2/2
   572 | D:2      | Reached skill level 5 in Fighting
   575 | D:2      | Reached XP level 4. HP: 5/42 MP: 3/3
   639 | D:2      | Got the Catalogue of the Iceberg and the Summer
  1341 | D:2      | Reached XP level 5. HP: 34/48 MP: 4/4
  1823 | D:3      | Found a blossoming altar of Fedhas.
  1837 | D:3      | Noticed an oklob plant
  1892 | D:3      | Found a burning altar of Makhleb.
  2147 | D:4      | Noticed a black bear
  2169 | D:3      | Killed a black bear
  2170 | D:3      | Reached skill level 1 in Dodging
  2179 | D:4      | Reached skill level 5 in Axes
  2179 | D:4      | Reached XP level 6. HP: 35/56 MP: 5/5
  2325 | D:4      | Reached skill level 5 in Armour
  2408 | D:4      | Reached skill level 6 in Fighting
  2408 | D:4      | Reached XP level 7. HP: 46/63 MP: 6/6
  2880 | D:5      | Entered Level 5 of the Dungeon
  2920 | D:5      | Found Ezxoj's Distillery.
  2933 | D:5      | Bought a potion of mutation for 96 gold pieces
  2933 | D:5      | Bought a potion of berserk rage for 60 gold pieces
  2933 | D:5      | Bought a potion of heal wounds for 60 gold pieces
  2933 | D:5      | Bought a potion of degeneration for 12 gold pieces
  3139 | D:5      | Reached skill level 7 in Fighting
  3249 | D:5      | Found a stormy altar of Qazlal.
  3421 | D:5      | Reached skill level 5 in Shields
  3421 | D:5      | Reached XP level 8. HP: 59/73 MP: 7/7
  3424 | D:5      | Reached skill level 1 in Throwing
  3610 | D:5      | Reached skill level 1 in Stealth
  3638 | D:5      | Found Pod Vies's Assorted Antiques.
  3643 | D:5      | Bought a dark potion for 26 gold pieces
  3651 | D:5      | Found Fumyegh's Jewellery Boutique.
  3703 | D:5      | Found Dyuticis's Antique Weapon Shoppe.
  3759 | D:5      | Reached skill level 8 in Fighting
  3855 | D:5      | Identified the +1 broad axe of the Lair of Beasts {vorpal,
                  | Fragile rElec rCorr}
  3913 | D:6      | Found an ornate altar of the Wu Jian Council.
  3942 | D:6      | Found a staircase to the Ecumenical Temple.
  3967 | D:6      | Reached skill level 1 in Long Blades
  3979 | D:6      | Got Vuh Toec's Teachings on Vexing Intoxication
  3998 | Temple   | Entered the Ecumenical Temple
  4331 | Temple   | Became a worshipper of Hepliaklqana the Forgotten
  4375 | D:6      | Reached skill level 9 in Fighting
  4375 | D:6      | Reached XP level 9. HP: 65/83 MP: 8/8
  4572 | D:6      | Reached skill level 10 in Fighting
  4682 | D:6      | Reached skill level 5 in Dodging
  4833 | D:6      | Noticed a kobold demonologist
  4849 | D:6      | Killed a kobold demonologist
  4850 | D:6      | Reached skill level 11 in Fighting
  4850 | D:6      | Reached skill level 1 in Evocations
  4860 | D:6      | Reached XP level 10. HP: 79/95 MP: 9/9
  5027 | D:6      | HP: 1/96 [gnoll sergeant/+1 spear of distortion (14)]
  5027 | D:6      | Slain by a gnoll sergeant

Illustrated notes

Levels and vault maps discovered:
D:1:      lightli_arrival_flooded_house, layout_loops_ring, serial_shops,
          nicolae_shop_trees, hellmonk_ecumenical_altar_watching_god
D:2:      layout_basic
D:3:      layout_basic, bloody_makhleb, tgw_fedhas
D:4:      layout_gridville, minmay_cut_off
D:5:      layout_gridville, grunt_qazlal_sundering, serial_shops,
          nicolae_square_shop, kennysheep_little_box, kennysheep_mini,
          nicolae_shop_waterfront, nicolae_kite_square_tiling_tiny
D:6:      lemuel_castle_with_subvaults [lemuel_castle_interior_carwin_1],
          layout_cave_pools, mainiacjoe_overflow_cross_hatched,
          nicolae_sif_muna_condensation, minmay_temple_entry_crystal_x,
          uniq_crazy_yiuf_cottage
Temple:   nicolae_temple_figure_eight

Skill      XL: |  1  2  3  4  5  6  7  8  9 |
---------------+----------------------------+-----
Fighting       | 4 5 6 7 9 11 | 11.2
Axes           | 3 4 5 6 |  6.3
Armour         | 4 5 6 7 8 |  8.3
Shields        | 4 5 |  5.2
Dodging        | 1 2 4 5 |  5.9
Throwing       | 2 |  2.2
Stealth        | 1 |  1.6
Long Blades    | 2 4 |  4.3
Evocations     | 1 |  1.1

Action                   |  1- 3 |  4- 6 |  7- 9 | 10-12 || total
-------------------------+-------+-------+-------+-------++-------
Melee: War axe           |    56 |    95 |    99 |       ||   250
       Headbutt          |    11 |     6 |    36 |     8 ||    61
       Broad axe         |       |       |   132 |    24 ||   156
Throw: Javelin           |     3 |     1 |     4 |     2 ||    10
       Boomerang         |       |       |    12 |       ||    12
       Throwing net      |       |       |     1 |       ||     1
Evoke: Wand              |       |       |    21 |       ||    21
  Use: Potion            |     1 |       |     1 |     1 ||     3
       Scroll            |       |       |    11 |       ||    11
Armor: Scale mail        |    54 |     4 |       |       ||    58
       Ring mail         |       |    46 |   171 |    19 ||   236
Dodge: Dodged            |    33 |    50 |   165 |    17 ||   265
Block: Buckler           |    19 |    29 |    52 |     6 ||   106
